 Dungeon Crawl Stone Soup version 0.28-a0-1435-g82390b3a13 (webtiles) character file.

Game seed: 15295569392880876309

249 leviel the Skirmisher (level 6, 0/56 HPs)
             Began as a Hill Orc Fighter on Jan 10, 2022.
             Slain by a killer bee (7 damage)
             ... on level 4 of the Dungeon.
             The game lasted 00:03:04 (3641 turns).

leviel the Skirmisher (Hill Orc Fighter)            Turns: 3641, Time: 00:03:04

Health: 0/56       AC:  9    Str: 21    XL:     6   Next: 12%
Magic:  6/6        EV:  9    Int:  8    God:
Gold:   81         SH:  4    Dex: 10    Spells: 5/5 levels left

rFire   . . .      SeeInvis .   a - +0 war axe
rCold   . . .      Faith    .   c - +0 buckler
rNeg    . . .      Spirit   .   b - +0 scale mail
rPois   .          Reflect  .   k - +0 helmet
rElec   .          Harm     .   (no cloak)
rCorr   .          Rampage  .   i - +0 pair of gloves
Will    .....                   (no boots)
Stlth   ..........              (no amulet)
HPRegen 0.18/turn               (no ring)
MPRegen 0.10/turn               (no ring)

@: mighty, lethally poisoned (0 -> -2)
A: no striking features
a: no special abilities


You were on level 4 of the Dungeon.
You visited 1 branch of the dungeon, and saw 4 of its levels.

You collected 81 gold pieces.

Inventory:

Hand Weapons
 a - a +0 war axe (weapon)
Armour
 b - a +0 scale mail (worn)
 c - a +0 buckler (worn)
 i - a +0 pair of gloves (worn)
 k - a +0 helmet (worn)
Wands
 m - a wand of acid (11)
Scrolls
 e - a scroll of summoning {unknown}
 f - a scroll of identify {unknown}
 n - a scroll of blinking {unknown}
 o - a scroll of immolation {unknown}
Potions
 g - 2 potions of ambrosia {unknown}
 h - a potion of magic {unknown}
 j - 2 potions of invisibility {unknown}
 l - a potion of curing {unknown}
 p - 2 potions of mutation {unknown}


   Skills:
 + Level 5.0 Fighting
 + Level 4.7 Axes
 + Level 4.6 Armour
 + Level 4.5 Shields


You had 5 spell levels left.
You didn't know any spells.
Your spell library contained the following spells:

 Spells                   Type           Power      Damage    Failure   Level
 Ensorcelled Hibernation  Hex/Ice        0%         N/A       92%         2
 Tukima's Dance           Hex            0%         N/A       99%         3
 Enfeeble                 Hex            0%         N/A       100%        7


Dungeon Overview and Level Annotations

Branches:
Dungeon (4/15)             Temple (0/1) D:4

Altars:
Zin

Annotations:
D:4 Edmund


Message History

You slash the killer bee!
The killer bee is severely wounded.
The killer bee stings you but does no damage.
The killer bee closely misses you.
Edmund says, "Maybe I'll buy a title.
How does Count Edmund sound?"
The killer bee closely misses you.
You barely miss the killer bee.
The killer bee is severely wounded.
The killer bee stings you but does no damage. x2
The killer bee closely misses you.
You miss the killer bee.
The killer bee is severely wounded.
The killer bee misses you. The killer bee completely misses you.
You closely miss the killer bee.
The killer bee is severely wounded.
You block the killer bee's attack.
The killer bee stings you but does no damage.
The killer bee stings you.
* * * LOW HITPOINT WARNING * * *
You slash the killer bee!
You kill the killer bee!
The killer bee barely misses you.
The killer bee stings you but does no damage.
Your Fighting skill increases to level 5!
You have reached level 6!
You miss the killer bee.
The killer bee stings you but does no damage. x2
The killer bee barely misses you.
You closely miss the killer bee. The killer bee barely misses you.
The killer bee stings you.
* * * LOW HITPOINT WARNING * * *
You are poisoned.
The killer bee poisons you!
You miss the killer bee.
You feel sick.
The killer bee stings you but does no damage. x2
You block the killer bee's attack.
You miss the killer bee.
You feel sick. The killer bee closely misses you.
You block the killer bee's attack.
You barely miss the killer bee.
You feel sick. The killer bee stings you!
You die...

#......).....#
###########........#..##
......#...÷........####
....................#
#..................###
##....).###########..###
#....))# ####### ##...#
##.....####⌠.⌠####...#
#........'.>.'@y@...#
........####⌠.⌠####...#
........# #######
#.#.....# ....#...#
####### #.. .....
....##... .o.. .... ...
#... .#... ..# .. #...
.. y... ## ..... .@
..... .#y ...<##


You could see Edmund and a killer bee.

Vanquished Creatures
  2 killer bees (D:4)
  3 gnolls (D:4)
  5 adders
  An ufetubus (D:4)
  2 worms (D:2)
  4 dart slugs
  4 orcs
  2 giant cockroaches (D:1)
  10 goblins
  6 hobgoblins
  5 quokkas
  2 ball pythons (D:4)
  4 bats
  6 frilled lizards
  6 kobolds
  13 rats
75 creatures vanquished.

Vanquished Creatures (others)
  A fungus (D:4)
1 creature vanquished.

Grand Total: 76 creatures vanquished

Notes
Turn   | Place    | Note
-------+----------+-------------------------------------------
     0 | D:1      | leviel the Hill Orc Fighter began the quest for the Orb.
     0 | D:1      | Reached XP level 1. HP: 19/19 MP: 1/1
   219 | D:1      | Reached XP level 2. HP: 26/27 MP: 2/2
   669 | D:1      | Reached skill level 4 in Fighting
   754 | D:1      | Reached XP level 3. HP: 23/33 MP: 3/3
  1575 | D:2      | Reached XP level 4. HP: 18/40 MP: 4/4
  2940 | D:3      | Reached XP level 5. HP: 44/47 MP: 5/5
  2956 | D:3      | Found a glowing silver altar of Zin.
  3094 | D:3      | Found a faded altar of an unknown god.
  3609 | D:4      | Found a staircase to the Ecumenical Temple.
  3619 | D:4      | Noticed Edmund
  3637 | D:4      | Reached skill level 5 in Fighting
  3637 | D:4      | Reached XP level 6. HP: 17/56 MP: 6/6
  3641 | D:4      | Slain by a killer bee

Illustrated notes

Levels and vault maps discovered:
D:1:      minmay_arrival_up_and_down, layout_basic
D:2:      kennysheep_the_goblin_king, layout_loops_ring,
          chequers_serial_rivers_small_a, minmay_misc_feat_five,
          minmay_split_cup_large
D:3:      layout_loops_ring, nzn_overflow_gifts_of_might_and_magic,
          mainiacjoe_overflow_small_starburst,
          shapermc_ecumenical_altar_totnotflames, chequers_mini_garden
D:4:      layout_cave_pools, nicolae_ru_great_annihilating_truth,
          mainiacjoe_overflow_chevrons, yredelemnul_forgotten_temple_becter,
          temple_doors_ab, uniq_edmund, uniq_crazy_yiuf_cottage

Skill      XL: |  1  2  3  4  5 |
---------------+----------------+-----
Axes           | 3 4 |  4.7
Fighting       | 4 5 |  5.0
Armour         | 4 |  4.6
Shields        | 4 |  4.5

Action                   |  1- 3 |  4- 6 || total
-------------------------+-------+-------++-------
Melee: War axe           |    90 |   140 ||   230
  Use: Potion            |       |     1 ||     1
Armor: Scale mail        |    45 |    78 ||   123
Dodge: Dodged            |    41 |    78 ||   119
Block: Buckler           |    30 |    28 ||    58

Table legend: (Time is in decaauts)
 A = Elapsed time spent in this place.
 B = Non-inter-level travel time spent in this place.
 C = Inter-level travel time spent in this place.
 D = Time resting spent in this place.
 E = Time spent auto-exploring this place.
 F = Levels seen in this place.
 G = Mean time per level.
                   A        B        C        D        E       F      G
               +--------+--------+--------+--------+--------+-----+--------+
         Total |   3726 |   3615 |    111 |    390 |   2656 |   4 |  931.5 |
       Dungeon |   3726 |   3615 |    111 |    390 |   2656 |   4 |  931.5 |
               +--------+--------+--------+--------+--------+-----+--------+

Top non-repeatable levels by time:
     D:1: 1214 daAuts
     D:2: 1194 daAuts
     D:3: 936 daAuts
     D:4: 379 daAuts
